 Dungeon Crawl Stone Soup version 0.19-a0-1653-g922d709 (webtiles) character file.

6008 Grim the Cruncher (level 10, -14/74 HPs)
             Began as a Mummy Gladiator on Sept 19, 2016.
             Was a Priest of Makhleb.
             Demolished by a death yak (20 damage)
             ... on level 9 of the Dungeon.
             The game lasted 00:28:38 (10808 turns).

Grim the Cruncher (Mummy Gladiator)                Turns: 10808, Time: 00:28:39

Health: -14/74     AC: 16    Str: 19    XL:     10   Next: 56%
Magic:  12/12      EV:  8    Int:  8    God:    Makhleb [***...]
Gold:   432        SH:  0    Dex: 15    Spells: 0 memorised, 9 levels left

rFire  x . .     SeeInvis .     a - +0 quarterstaff
rCold  + . .     Gourm    .     k - +0 chain mail
rNeg   + + +     Faith    .     (shield currently unavailable)
rPois  ∞         Spirit   .     c - +0 helmet
rElec  .         Dismiss  .     v - +0 cloak
rCorr  .         Reflect  .     m - +2 pair of gloves
MR     +....     Harm     .     f - +2 pair of boots {Fly}
Stlth  ..........               o - amulet of regeneration
                                (no ring)
                                (no ring)

@: about to teleport
A: no food or potions, fire vulnerability, cold resistance 1, negative energy
resistance 3, torment resistance, unbreathing
a: Minor Destruction, Lesser Servant of Makhleb, Renounce Religion, Evoke Flight


You were on level 9 of the Dungeon.
You worshipped Makhleb.
Makhleb was most pleased with you.
You were not hungry.

You visited 2 branches of the dungeon, and saw 10 of its levels.
You also visited: Bailey.

You collected 432 gold pieces.

Inventory:

Hand Weapons
 a - a +0 quarterstaff (weapon)
Armour
 c - a +0 helmet (worn)
 f - a +2 pair of boots of flying (worn)
 k - a +0 chain mail (worn)
 m - a +2 pair of gloves (worn)
 v - a +0 cloak (worn)
Jewellery
 l - an uncursed amulet of faith
 o - an amulet of regeneration (around neck)
Wands
 p - a wand of iceblast (10/15)
 r - a wand of random effects (19/48)
 t - a wand of lightning (5/15)
 u - a wand of random effects (9/48)
 x - a wand of iceblast (6/15)
Scrolls
 e - 4 scrolls of remove curse
 g - 2 scrolls of noise
 h - a scroll of enchant armour
 n - 2 scrolls of immolation {unknown}
 q - 2 scrolls of amnesia {unknown}
 s - 4 scrolls of identify


   Skills:
 * Level 5.2 Fighting
 - Level 12.3 Staves
 - Level 1.5 Throwing
 - Level 2.4 Dodging
 + Level 3.1 Invocations


You had 9 spell levels left.
You didn't know any spells.

Dungeon Overview and Level Annotations

Branches:
Dungeon (9/15)             Temple (1/1) D:5            Lair (0/6) D:9
    Orc: D:9-12

Altars:
Cheibriados
Dithmenos
Fedhas
Gozag
Hepliaklqana
Kikubaaqudgha
Makhleb
Nemelex Xobeh
Okawaru
Qazlal
Ru
Sif Muna
Uskayaw
Vehumet
Xom
Yredelemnul
Zin
The Shining One

Annotations:
D:9 busta's ghost, novice MiGl


Innate Abilities, Weirdness & Mutations

You do not eat or drink.
Your flesh is vulnerable to fire.
You are immune to poison.
Your flesh is cold resistant. (rC+)
You are immune to negative energy. (rN+++)
You are immune to unholy pain and torment.
You can survive without breathing.


Message History

* * * LOW HITPOINT WARNING * * *
Your chain mail prevents you from hitting the death yak.
The death yak is heavily wounded.
You hit the death yak.
The death yak is heavily wounded.
The death yak gores you!!
* * * LOW HITPOINT WARNING * * *
You sock the death yak!
The death yak is severely wounded.
The death yak barely misses you.
A demon appears!
It doesn't seem very happy.
The death yak gores you but does no damage.
The orange demon stings you but does no damage.
The orange demon hits you.
* * * LOW HITPOINT WARNING * * *
You hit the orange demon but do no damage.
As you read the scroll of teleportation, it crumbles to dust.
You feel strangely unstable. The death yak gores you!!
You die...

......#**#....Z..#.#
.......,,....Z...#.#
,,****,,,,,,,**#.#.#
,,,,,*,,,,,,** #.#.#
,,,,,*,,,,,,* #.#.#
,,,,,*,,,,,,* #.#.#
,,,,,*,,,,,,* #Z#.#
*,,,,*,,,,,,* #Y#.#
*,,,,*,,,,,,* #@#.#
*+****,,,,,,* #4#.#
,,,,,,,,,,,,* #.#.#
,,,,,,,,,,,,* #.#.#
,,,,,,,,,,,,* #.#.#
,,,,,,,,,,,,* #.#.#
,,,,,,,,,,,,* #.#.#
,,,,,,,,,,,,* #.#.#
,,,,,,,,,,,,* #.#.#


You could see a death yak, an orange demon and a bullfrog skeleton.

Vanquished Creatures
  The ghost of onono the Covered, a novice HuFi of Makhleb (Bailey)
  Pikel (D:6)
  The ghost of drd the Nimble, a novice DsFi of Hepliaklqana (D:7)
  A hippogriff (D:8)
  Sigmund (D:4)
  Menkaure (D:6)
  A water moccasin (D:6)
  Duvessa (D:4)
  2 ice beasts
  2 sky beasts
  6 orc warriors
  4 phantoms
  2 ogres
  2 centaurs
  A big kobold (D:8)
  5 bullfrogs
  Dowan (D:4)
  4 scorpions
  4 killer bees (D:7)
  2 howler monkeys
  2 crimson imps
  A jelly (D:7)
  4 hounds
  A centaur zombie (D:6)
  2 bullfrog skeletons
  6 orc priests
  Crazy Yiuf (D:6)
  2 centaur skeletons
  2 iguanas
  6 orc wizards
  4 worker ants
  A hound skeleton (D:7)
  A howler monkey zombie (D:6)
  A worker ant zombie (D:7)
  4 gnolls (Bailey)
  15 adders
  A howler monkey skeleton (D:7)
  2 shadow imps
  A white imp (D:9)
  An ooze (D:3)
  4 worms
  A dart slug (D:5)
  7 leopard geckos
  45 orcs
  4 bats
  A giant cockroach (D:4)
  31 goblins
  23 hobgoblins
  7 jackals
  14 kobolds
  6 quokkas
  2 ball pythons
  6 frilled lizards
  A quokka zombie (D:5)
  6 rats
259 creatures vanquished.

Vanquished Creatures (collateral kills)
  2 orc warriors (Bailey)
  A gnoll (Bailey)
  3 orcs (Bailey)
  A goblin (Bailey)
  A hobgoblin (Bailey)
8 creatures vanquished.

Vanquished Creatures (others)
  A slave (D:9)
  2 necrophages (D:6)
  A bullfrog (D:6)
  An orc priest (D:6)
  A worker ant (D:6)
  5 orcs (D:6)
11 creatures vanquished.

Grand Total: 278 creatures vanquished

Notes
Turn   | Place    | Note
-------+----------+-------------------------------------------
     0 | D:1      | Grim the Mummy Gladiator began the quest for the Orb.
     0 | D:1      | Reached XP level 1. HP: 16/16 MP: 1/1
   453 | D:1      | Reached XP level 2. HP: 20/22 MP: 2/2
   460 | D:1      | Reached skill level 3 in Staves
  1279 | D:2      | Reached XP level 3. HP: 22/27 MP: 3/3
  1603 | D:2      | Found a stormy altar of Qazlal.
  2053 | D:2      | Reached skill level 4 in Staves
  2200 | D:2      | Reached XP level 4. HP: 33/33 MP: 4/4
  2599 | D:3      | Reached XP level 5. HP: 32/38 MP: 5/5
  2735 | D:3      | Reached skill level 5 in Staves
  2846 | D:3      | Found an ancient bone altar of Kikubaaqudgha.
  2846 | D:3      | Found a blossoming altar of Fedhas.
  3177 | D:3      | Found a hazy altar of Hepliaklqana.
  3382 | D:3      | Reached XP level 6. HP: 44/44 MP: 6/6
  3823 | D:4      | Noticed Sigmund
  3890 | D:4      | Killed Sigmund
  3890 | D:4      | Reached skill level 6 in Staves
  3968 | D:4      | Reached XP level 7. HP: 48/50 MP: 7/7
  4021 | D:4      | Noticed Duvessa
  4022 | D:4      | Noticed Dowan
  4086 | D:4      | Killed Duvessa
  4086 | D:4      | Reached skill level 7 in Staves
  4112 | D:4      | Killed Dowan
  4914 | D:5      | Entered Level 5 of the Dungeon
  5309 | D:5      | Found a glowing golden altar of the Shining One.
  5506 | D:5      | Reached skill level 8 in Staves
  5754 | D:4      | Reached XP level 8. HP: 25/56 MP: 8/8
  6065 | D:5      | Found a staircase to the Ecumenical Temple.
  6072 | Temple   | Entered the Ecumenical Temple
  6114 | Temple   | Became a worshipper of Makhleb the Destroyer
  6413 | D:6      | Found a hide-covered altar of Uskayaw.
  6413 | D:6      | Noticed a hand axe
  6413 | D:6      | Noticed a dagger
  6586 | D:6      | Reached skill level 9 in Staves
  6647 | D:6      | Noticed Pikel
  6676 | D:6      | Killed Pikel
  6757 | D:6      | Noticed Menkaure
  6773 | D:6      | Killed Menkaure
  6773 | D:6      | Reached skill level 10 in Staves
  6947 | D:6      | Found a runed door.
  6973 | D:6      | Reached XP level 9. HP: 61/61 MP: 9/9
  7050 | D:6      | Found an opulent altar of Gozag.
  7564 | D:5      | Found a shimmering altar of Xom.
  7577 | D:6      | Reached * piety under Makhleb
  7910 | D:6      | Noticed Crazy Yiuf
  7920 | D:6      | Killed Crazy Yiuf
  7995 | D:6      | Reached skill level 11 in Staves
  8205 | D:7      | Noticed drd's ghost (novice DsFi)
  8252 | D:7      | Killed drd's ghost
  8315 | D:7      | Found a shimmering altar of Xom.
  8315 | D:7      | Found a shimmering altar of Xom.
  8320 | D:7      | Noticed a yaktaur
  8320 | D:7      | Noticed a spiny frog
  8320 | D:7      | a yaktaur changed into a spiny frog
  8326 | D:7      | a spiny frog changed into a hog
  8329 | D:7      | Found a shimmering altar of Xom.
  8330 | D:7      | Found a shimmering altar of Xom.
  8331 | D:7      | Found a shimmering altar of Xom.
  8336 | D:7      | Found a shimmering altar of Xom.
  8363 | D:7      | Reached skill level 12 in Staves
  8512 | D:7      | Reached XP level 10. HP: 67/67 MP: 10/10
  8525 | D:7      | Reached ** piety under Makhleb
  8878 | D:8      | Found a snail-covered altar of Cheibriados.
  9446 | D:8      | Reached skill level 1 in Invocations
  9598 | D:9      | Noticed busta's ghost (novice MiGl)
  9599 | D:9      | Found a sacrificial altar of Ru.
  9687 | D:9      | Found a flagged portal.
  9714 | Bailey   | Entered a bailey
  9806 | Bailey   | Noticed onono's ghost (novice HuFi)
  9827 | Bailey   | Killed onono's ghost
  9986 | Bailey   | Reached *** piety under Makhleb
 10482 | Bailey   | Reached skill level 5 in Fighting
 10514 | Bailey   | Noticed an orc knight
 10515 | Bailey   | Noticed an orc warlord
 10611 | D:9      | Found a staircase to the Lair.
 10783 | D:9      | Noticed a death yak
 10805 | D:9      | Noticed an orange demon
 10808 | D:9      | Demolished by a death yak

Vault maps used:
D:1:      scummos_arrival_simple_fountains, minmay_pentomino_t2
D:2:      lemuel_round_altar
D:3:      grunt_temple_overflow_growth_and_decay, lemuel_crystal_altar,
          first_bread
D:4:      hangedman_decor_growths, kennysheep_generic_room_3, uniq_sigmund,
          uniq_duvessa
D:5:      lemuel_upstairs_altar, basic_altar, minmay_checkerbox
D:6:      dancing_weapons_uskayaw, marbit_many_paths, uniq_menkaure,
          uniq_crazy_yiuf_cottage, uniq_pikel
D:7:      grunt_ogre_cave, xom_shifter_show
D:8:      cheibriados_altar_1
D:9:      lightli_temple_of_fire, grunt_temple_overflow_open, dpeg_oklobed_lair,
          enter_bailey_3, serial_ice, serial_ice_n, serial_ice_b, serial_ice_d,
          serial_ice_o, minmay_tree_intersection
Temple:   cyrus_temple_forest
Bailey:   bailey_axe_minmay_hex_keep, bailey

Skill      XL: |  1  2  3  4  5  6  7  8  9 10 |
---------------+-------------------------------+-----
Staves         | 3 4 5 6 8 10 12 | 12.3
Fighting       | 5 |  5.2
Invocations    | 3 |  3.1
Throwing       | |  1.5
Dodging        | |  2.4

Action                   |  1- 3 |  4- 6 |  7- 9 | 10-12 || total
-------------------------+-------+-------+-------+-------++-------
Melee: Quarterstaff      |   143 |   187 |   521 |   299 ||  1150
Throw: Throwing net      |     2 |     4 |       |     1 ||     7
Invok: Minor Destruction |       |       |       |    82 ||    82
       Lesser Servant of |       |       |       |     6 ||     6
 Abil: Stop Flying       |     1 |       |       |       ||     1
  Use: Scroll            |     4 |       |     1 |    11 ||    16
 Stab: Sleeping          |     1 |       |       |       ||     1
       Held in net/web   |       |     1 |       |       ||     1
Armor: Leather armour    |     4 |       |       |       ||     4
       Chain mail        |    70 |    83 |   248 |   137 ||   538
Dodge: Dodged            |    62 |    65 |   158 |    89 ||   374
